 Dungeon Crawl Stone Soup version 0.29-a0-341-g24ffce5b50 (webtiles) character file.

Game seed: 14165545813065487500

5300 jimonade the Thaumaturge (level 10, -12/74 HPs)
             Began as a Gnoll Hedge Wizard on Apr 21, 2022.
             Was a Follower of Okawaru.
             Mangled by Urug
             ... wielding a +6 war axe
              (20 damage)
             ... on level 8 of the Dungeon.
             The game lasted 00:59:39 (16358 turns).

jimonade the Thaumaturge (Gnoll Hedge Wizard)      Turns: 16358, Time: 00:59:39

Health: -12/74     AC: 12    Str: 11    XL:     10   Next: 63%
Magic:  0/23       EV: 14    Int: 17    God:    Okawaru [*.....]
Gold:   623        SH:  5    Dex: 11    Spells: 9/27 levels left

rFire   + . .      SeeInvis .   m - +8 club
rCold   . . .      Faith    .   M - +0 buckler
rNeg    . . .      Spirit   +   N - +0 steam dragon scales
rPois   .          Reflect  .   v - +0 helmet
rElec   .          Harm     .   (no cloak)
rCorr   .          Rampage  .   (no gloves)
Will    .....                   q - +0 pair of boots
Stlth   +++.......              t - amulet of guardian spirit
HPRegen 0.22/turn               E - ring of protection from fire
MPRegen 0.18/turn               X - +4 ring of protection

@: no status effects
A: fangs 1, strong nose, distributed training
a: Renounce Religion, Heroism


You were on level 8 of the Dungeon.
You worshipped Okawaru.
Okawaru was aware of your devotion.
You visited 3 branches of the dungeon, and saw 10 of its levels.

You collected 623 gold pieces.

Inventory:

Hand Weapons
 c - a +1 hand crossbow of freezing
 m - a +8 club (weapon)
 F - a +0 shortbow
 H - a +0 falchion of holy wrath
 L - a +0 trident
 P - a +1 whip of flaming
 V - a +0 hand crossbow
 Y - a +2 short sword of venom
Missiles
 b - 5 datura-tipped darts
 i - 275 stones
 A - 4 javelins
 J - 23 poisoned darts
Armour
 q - a +0 pair of boots (worn)
 v - a +0 helmet (worn)
 D - a +0 chain mail
 M - a +0 buckler (worn)
 N - +0 steam dragon scales (worn)
 W - +0 acid dragon scales
Magical Staves
 e - a staff of fire
 r - a staff of air
Jewellery
 t - an amulet of guardian spirit (around neck)
 z - a ring of flight
 B - a ring of poison resistance
 E - a ring of protection from fire (left hand)
 X - a +4 ring of protection (right hand)
Wands
 a - a wand of charming (10)
 j - a wand of iceblast (21)
 n - a wand of flame (39)
 I - a wand of mindburst (34)
 R - a wand of acid (5)
Scrolls
 g - 2 scrolls of teleportation
 k - 4 scrolls of fear
 o - a scroll of amnesia
 p - a scroll of summoning
 s - a scroll of blinking
 y - 2 scrolls of holy word
 Q - a scroll of enchant weapon
Potions
 d - 2 potions of magic
 h - 5 potions of heal wounds
 l - 5 potions of haste
 u - 4 potions of curing
 w - a potion of lignification
 C - 3 potions of flight
 G - 3 potions of might
 O - a potion of ambrosia
 U - a potion of resistance


   Skills:
 + Level 5.4 Fighting
 + Level 5.4 Short Blades
 + Level 5.4 Long Blades
 + Level 5.4 Axes
 + Level 5.4 Maces & Flails
 + Level 5.4 Polearms
 + Level 5.4 Staves
 + Level 5.4 Slings
 + Level 5.4 Bows
 + Level 5.4 Crossbows
 + Level 5.4 Throwing
 + Level 5.4 Armour
 + Level 7.2 Dodging
 + Level 7.0 Stealth
 + Level 5.4 Shields
 + Level 5.4 Unarmed Combat
 + Level 9.1 Spellcasting
 + Level 5.0 Conjurations
 + Level 4.5 Hexes
 + Level 5.0 Summonings
 + Level 4.5 Necromancy
 + Level 5.0 Translocations
 + Level 4.5 Transmutations
 + Level 4.5 Fire Magic
 + Level 4.5 Ice Magic
 + Level 4.5 Air Magic
 + Level 4.5 Earth Magic
 + Level 4.5 Poison Magic
 + Level 6.0 Invocations
 + Level 5.4 Evocations


You had 9 spell levels left.
You knew the following spells:

 Your Spells              Type           Power      Damage    Failure   Level
a - Magic Dart            Conj           100%       1d8       1%          1
b - Blink                 Tloc           50%        N/A       2%          2
c - Call Imp              Summ           25%        N/A       2%          2
d - Slow                  Hex            92%        N/A       1%          1
e - Poisonous Vapours     Pois/Air       46%        N/A       2%          2
f - Conjure Flame         Conj/Fire      24%        6-21      4%          3
g - Mephitic Cloud        Conj/Pois/Air  23%        N/A       5%          3
h - Freeze                Ice            92%        1d10      1%          1
i - Frozen Ramparts       Ice            46%        1d6       5%          3

Your spell library contained the following spells:

 Spells                   Type           Power      Damage    Failure   Level
 Pain                     Necr           92%        1d8       1%          1
 Corpse Rot               Necr/Air       46%        N/A       2%          2
 Hailstorm                Conj/Ice       24%        3d7       17%         4
 Leda's Liquefaction      Hex/Erth       11%        N/A       19%         4
 Agony                    Necr           23%        N/A       45%         5
 Excruciating Wounds      Necr           11%        N/A       45%         5
 Lee's Rapid Deconstruct  Erth           11%        3d9*      45%         5
 Statue Form              Tmut/Erth      15%        N/A       96%         6
 Storm Form               Tmut/Air       11%        N/A       100%        7
 Maxwell's Capacitive Co  Air            11%        ∞         100%        8
 Summon Lightning Spire   Summ/Air       Unusable   N/A       N/A         4

Dungeon Overview and Level Annotations

Branches:
Dungeon (8/15)             Temple (1/1) D:7            Lair (1/6) D:8

Altars:
Ashenzari
Cheibriados
Dithmenos
Elyvilon
Fedhas
Gozag
Hepliaklqana
Kikubaaqudgha
Makhleb
Nemelex Xobeh
Okawaru
Qazlal
Ru
Sif Muna
Trog
Uskayaw
Vehumet
Xom
Yredelemnul
Zin
The Shining One

Annotations:
D:8 Urug


Innate Abilities, Weirdness & Mutations

You have very sharp teeth.
Your uncanny sense of smell can sniff out nearby items.
Your experience applies equally to all skills.


Message History

Confirm with . or Enter, or press ? or * to list all spells.
Aiming: Mephitic Cloud (dangerous; 5% risk of failure)
Press: ? - help, Shift-Dir - straight line You miscast Mephitic Cloud.
You are very lightly contaminated with residual magic.
Nothing appears to happen.
Urug throws a javelin.
The javelin pierces through you.
Casting: Mephitic Cloud (dangerous; 5% risk of failure)
Confirm with . or Enter, or press ? or * to list all spells.
Aiming: Mephitic Cloud (dangerous; 5% risk of failure)
Press: ? - help, Shift-Dir - straight line The ball explodes into a vile cloud!
The stinking cloud engulfs Urug but does no damage.
Urug is engulfed in noxious fumes.
Urug throws a javelin.
The javelin closely misses you.
Urug is engulfed in noxious fumes.
Urug appears confused.
Urug is engulfed in noxious fumes.
No reachable target in view!
Urug is engulfed in noxious fumes.
You hit Urug.
Urug is lightly wounded.
Urug says, "I'm a little confused."
Urug hits you with a +6 war axe!!
Your magical contamination has completely faded away.
You are too injured to fight recklessly!
You are too injured to fight recklessly!
You hit Urug but do no damage.
Urug is lightly wounded.
Urug closely misses you.
You thump Urug! You bite Urug, but do no damage.
Urug is lightly wounded.
Urug barely misses you.
You hit Urug but do no damage.
Urug is lightly wounded.
Urug seems less confused.
Urug hits you with a +6 war axe!!
* * * LOW HITPOINT WARNING * * *
You hit Urug but do no damage.
Urug is lightly wounded.
Urug hits you with a +6 war axe!!
You die...

#.# #.# #.# #.#
#.# #.# #.# #.# ##
#@# ##. #o#######
##.. #.##.##.##
####..#
#.......o###..)###
#########[).####
#####


You could see Urug.

Vanquished Creatures
  Pikel (D:6)
  Joseph (D:8)
  4 komodo dragons (D:8)
  A hornet (D:8)
  2 steam dragons
  A basilisk (D:8)
  An acid dragon (D:8)
  Duvessa (D:7)
  2 water moccasins
  2 black bears
  3 ogres
  3 lemures (D:6)
  A centaur (D:5)
  3 phantoms
  3 kobold brigands
  A gnoll sergeant (D:6)
  4 bullfrogs
  2 necrophages
  A scorpion (D:5)
  3 wights
  Dowan (D:7)
  A jelly (D:7)
  4 howler monkeys
  6 hounds
  4 orc priests
  3 iguanas
  Jessica (D:2)
  2 orc wizards
  Robin (D:3)
  9 adders
  4 gnolls (D:5)
  An ufetubus (D:5)
  2 worms
  2 dart slugs
  14 orcs
  4 endoplasms
  4 giant cockroaches
  9 hobgoblins
  A quokka (D:2)
  4 ball pythons
  4 bats
  3 frilled lizards
  13 goblins
  14 kobolds
  A rat (D:1)
152 creatures vanquished.

Vanquished Creatures (collateral kills)
  A kobold (D:7)
1 creature vanquished.

Grand Total: 153 creatures vanquished

Notes
Turn   | Place    | Note
-------+----------+-------------------------------------------
     0 | D:1      | jimonade the Gnoll Hedge Wizard began the quest for the
                  | Orb.
     0 | D:1      | Reached XP level 1. HP: 13/13 MP: 8/8
   296 | D:1      | Reached XP level 2. HP: 19/19 MP: 8/10
   368 | D:1      | Found a faded altar of an unknown god.
   807 | D:2      | Reached XP level 3. HP: 22/25 MP: 4/11
  1016 | D:2      | Reached skill level 1 in Invocations
  1297 | D:2      | Noticed Jessica
  1303 | D:2      | Killed Jessica
  1304 | D:2      | Reached skill level 1 in Fighting
  1304 | D:2      | Reached skill level 1 in Short Blades
  1304 | D:2      | Reached skill level 1 in Long Blades
  1304 | D:2      | Reached skill level 1 in Axes
  1304 | D:2      | Reached skill level 1 in Maces & Flails
  1304 | D:2      | Reached skill level 1 in Polearms
  1304 | D:2      | Reached skill level 1 in Staves
  1304 | D:2      | Reached skill level 1 in Slings
  1304 | D:2      | Reached skill level 1 in Bows
  1304 | D:2      | Reached skill level 1 in Crossbows
  1304 | D:2      | Reached skill level 1 in Throwing
  1304 | D:2      | Reached skill level 1 in Armour
  1304 | D:2      | Reached skill level 1 in Shields
  1304 | D:2      | Reached skill level 1 in Unarmed Combat
  1304 | D:2      | Reached skill level 1 in Evocations
  1304 | D:2      | Reached XP level 4. HP: 32/32 MP: 5/13
  1784 | D:2      | Learned a level 2 spell: Blink
  1787 | D:2      | Learned a level 2 spell: Call Imp
  1789 | D:2      | Learned a level 1 spell: Slow
  1963 | D:3      | Reached skill level 1 in Hexes
  1963 | D:3      | Reached skill level 1 in Necromancy
  1963 | D:3      | Reached skill level 1 in Transmutations
  1963 | D:3      | Reached skill level 1 in Fire Magic
  1963 | D:3      | Reached skill level 1 in Ice Magic
  1963 | D:3      | Reached skill level 1 in Air Magic
  1963 | D:3      | Reached skill level 1 in Earth Magic
  1963 | D:3      | Reached skill level 1 in Poison Magic
  2016 | D:3      | Reached XP level 5. HP: 8/37 MP: 2/14
  2814 | D:3      | Noticed Robin
  2930 | D:3      | Killed Robin
  3221 | D:4      | Reached XP level 6. HP: 44/44 MP: 10/16
  3581 | D:4      | Noticed a black bear
  3602 | D:4      | Killed a black bear
  3603 | D:4      | Reached skill level 5 in Dodging
  4181 | D:5      | Entered Level 5 of the Dungeon
  4205 | D:4      | Learned a level 2 spell: Poisonous Vapours
  4209 | D:4      | Learned a level 3 spell: Conjure Flame
  4213 | D:4      | Learned a level 3 spell: Mephitic Cloud
  4375 | D:5      | Found an opulent altar of Gozag.
  4385 | D:5      | Reached XP level 7. HP: 40/50 MP: 10/18
  5124 | D:5      | Reached skill level 5 in Stealth
  5422 | D:5      | Reached XP level 8. HP: 52/57 MP: 15/19
  6216 | D:6      | Found a basalt altar of Yredelemnul.
  6217 | D:6      | Found a sacrificial altar of Ru.
  6486 | D:6      | HP: 2/58 [something (6)]
  6487 | D:6      | Reached skill level 8 in Spellcasting
  6538 | D:6      | HP: 2/58 [water moccasin (3)]
  7474 | D:6      | Noticed Pikel
  8171 | D:6      | Reached XP level 9. HP: 65/65 MP: 17/21
  8624 | D:6      | Killed Pikel
  9224 | D:7      | Noticed Dowan
  9233 | D:7      | Noticed Duvessa
  9527 | D:7      | Killed Duvessa
 11125 | D:7      | Found a staircase to the Ecumenical Temple.
 11152 | D:7      | Killed Dowan
 11194 | Temple   | Entered the Ecumenical Temple
 11484 | Temple   | Became a worshipper of Warmaster Okawaru
 11585 | D:7      | Reached skill level 5 in Invocations
 12164 | D:7      | Learned a level 1 spell: Freeze
 12168 | D:7      | Learned a level 3 spell: Frozen Ramparts
 12434 | D:8      | Noticed a hornet
 12541 | D:8      | Noticed a komodo dragon
 12582 | D:8      | Killed a komodo dragon
 12802 | D:8      | Noticed a komodo dragon
 13007 | D:8      | Reached XP level 10. HP: 67/73 MP: 13/22
 13815 | D:8      | Reached skill level 5 in Fighting
 13815 | D:8      | Reached skill level 5 in Short Blades
 13815 | D:8      | Reached skill level 5 in Long Blades
 13815 | D:8      | Reached skill level 5 in Axes
 13815 | D:8      | Reached skill level 5 in Maces & Flails
 13815 | D:8      | Reached skill level 5 in Polearms
 13815 | D:8      | Reached skill level 5 in Staves
 13815 | D:8      | Reached skill level 5 in Slings
 13815 | D:8      | Reached skill level 5 in Bows
 13815 | D:8      | Reached skill level 5 in Crossbows
 13815 | D:8      | Reached skill level 5 in Throwing
 13815 | D:8      | Reached skill level 5 in Armour
 13815 | D:8      | Reached skill level 5 in Shields
 13815 | D:8      | Reached skill level 5 in Unarmed Combat
 13815 | D:8      | Reached skill level 5 in Evocations
 14492 | D:8      | Found a staircase to the Lair.
 15033 | D:8      | Reached skill level 9 in Spellcasting
 15323 | D:8      | Noticed Joseph
 15514 | D:8      | Killed Joseph
 15514 | D:8      | Reached * piety under Okawaru
 15515 | D:8      | Reached skill level 5 in Conjurations
 15515 | D:8      | Reached skill level 5 in Summonings
 15515 | D:8      | Reached skill level 5 in Translocations
 15889 | Lair:1   | Entered Level 1 of the Lair of Beasts
 16077 | Lair:1   | Noticed Urug
 16358 | D:8      | Mangled by Urug

Illustrated notes

Levels and vault maps discovered:
D:1:      dpeg_arrival_arbitrary_a, layout_basic,
          chequers_ecumenical_altar_island, minmay_ruptured
D:2:      layout_loops_ring, uniq_jessica
D:3:      layout_basic, uniq_robin
D:4:      layout_cave_pools, roderic_roman_lattice,
          corexii_item_surrounded_by_moat
D:5:      layout_loops_ring, mainiacjoe_overflow_small_starburst, moated_statue
D:6:      layout_loops_ring, chequers_temple_overflow_statue_of_worship,
          nicolae_fountain_basement, uniq_pikel
D:7:      dreamdust_elfheim, layout_basic, minmay_temple_entry_drinking_statues
D:8:      layout_gridville, erik_lair_dragon, uniq_joseph
Temple:   dpeg_five_rooms_temple
Lair:1:   layout_long_grid, special_room [special_room_bee], evilmike_ambush
          [evilmike_ambush_outer_pillars, evilmike_ambush_inner_basic],
          grunt_megastairs_1, uniq_urug

Skill      XL: |  1  2  3  4  5  6  7  8  9 10 |
---------------+-------------------------------+-----
Conjurations   | 2 3 4 5 |  5.0
Summonings     | 2 3 4 5 |  5.0
Translocations | 2 3 4 5 |  5.0
Invocations    | 1 2 3 4 5 6 |  6.0
Fighting       | 1 2 3 4 5 |  5.4
Short Blades   | 1 2 3 4 5 |  5.4
Long Blades    | 1 2 3 4 5 |  5.4
Axes           | 1 2 3 4 5 |  5.4
Maces & Flails | 1 2 3 4 5 |  5.4
Polearms       | 1 2 3 4 5 |  5.4
Staves         | 1 2 3 4 5 |  5.4
Slings         | 1 2 3 4 5 |  5.4
Bows           | 1 2 3 4 5 |  5.4
Crossbows      | 1 2 3 4 5 |  5.4
Throwing       | 1 2 3 4 5 |  5.4
Armour         | 1 2 3 4 5 |  5.4
Shields        | 1 2 3 4 5 |  5.4
Unarmed Combat | 1 2 3 4 5 |  5.4
Evocations     | 1 2 3 4 5 |  5.4
Hexes          | 1 2 3 4 |  4.5
Necromancy     | 1 2 3 4 |  4.5
Transmutations | 1 2 3 4 |  4.5
Fire Magic     | 1 2 3 4 |  4.5
Ice Magic      | 1 2 3 4 |  4.5
Air Magic      | 1 2 3 4 |  4.5
Earth Magic    | 1 2 3 4 |  4.5
Poison Magic   | 1 2 3 4 |  4.5
Dodging        | 5 6 7 |  7.2
Stealth        | 5 6 7 |  7.0
Spellcasting   | 8 9 |  9.1

Action                   |  1- 3 |  4- 6 |  7- 9 | 10-12 || total
-------------------------+-------+-------+-------+-------++-------
Melee: Dagger            |     6 |       |       |       ||     6
       Club              |       |    58 |   232 |    54 ||   344
       Punch             |       |     1 |     9 |       ||    10
       Bite              |       |     5 |    33 |    10 ||    48
 Cast: Magic Dart        |    66 |    94 |   115 |    13 ||   288
       Poisonous Vapours |       |     5 |    62 |    18 ||    85
       Conjure Flame     |       |     3 |    15 |     5 ||    23
       Slow              |       |     3 |       |       ||     3
       Call Imp          |       |     1 |    10 |       ||    11
       Mephitic Cloud    |       |       |    10 |     4 ||    14
       Blink             |       |       |     7 |     2 ||     9
       Frozen Ramparts   |       |       |     2 |    11 ||    13
       Freeze            |       |       |       |     3 ||     3
  Use: Scroll            |       |     4 |     6 |     5 ||    15
       Potion            |       |       |     2 |       ||     2
 Stab: Sleeping          |       |     1 |     1 |       ||     2
       Confused          |       |       |     4 |     5 ||     9
Armor: Robe              |     2 |    11 |    30 |       ||    43
       Steam dragon scal |       |       |    24 |    15 ||    39
Dodge: Dodged            |    19 |    53 |   193 |    43 ||   308
Block: Buckler           |       |       |     6 |    21 ||    27

Table legend: (Time is in decaauts)
 A = Elapsed time spent in this place.
 B = Non-inter-level travel time spent in this place.
 C = Inter-level travel time spent in this place.
 D = Time resting spent in this place.
 E = Time spent auto-exploring this place.
 F = Levels seen in this place.
 G = Mean time per level.
                   A        B        C        D        E       F      G
               +--------+--------+--------+--------+--------+-----+--------+
         Total |  16441 |  15682 |    759 |   6000 |   4466 |  10 | 1644.1 |
       Dungeon |  16065 |  15388 |    677 |   6000 |   4218 |   8 | 2008.1 |
        Temple |    342 |    260 |     82 |      0 |    248 |   1 |  342.0 |
          Lair |     33 |     33 |      0 |      0 |      0 |   1 |   33.0 |
               +--------+--------+--------+--------+--------+-----+--------+

Top non-repeatable levels by time:
     D:8: 3963 daAuts
     D:6: 2737 daAuts
     D:5: 2425 daAuts
     D:7: 2390 daAuts
     D:2: 1341 daAuts
     D:4: 1319 daAuts
     D:3: 1085 daAuts
     D:1: 802 daAuts
  Temple: 342 daAuts
  Lair:1: 33 daAuts
